 Dungeon Crawl Stone Soup version 0.22-a0-51-g1bb26a1297 (webtiles) character file.

4773 Cheet4h the Carver (level 10, -8/91 HPs)
             Began as a Red Draconian Berserker on Jan 8, 2018.
             Was a High Priest of Trog.
             Mangled by a two-headed ogre
             ... wielding a +0 giant club
              (19 damage)
             ... on level 8 of the Dungeon on Jan 9, 2018.
             The game lasted 00:22:15 (8515 turns).

Cheet4h the Carver (Red Draconian Berserker)        Turns: 8515, Time: 00:22:16

Health: -8/91      AC:  8    Str: 21    XL:     10   Next: 23%
Magic:  10/10      EV: 16    Int:  7    God:    Trog [*****.]
Gold:   34         SH:  0    Dex: 13    Spells: 9/9 levels left

rFire    + . .     SeeInvis .   a - +0 long sword
rCold    . . .     Gourm    .   (no shield)
rNeg     + . .     Faith    .   (armour unavailable)
rPois    .         Spirit   .   (helmet restricted)
rElec    .         Reflect  .   d - +0 cloak
rCorr    .         Harm     .   (no gloves)
MR       .....                  (no boots)
Stlth    ++........             p - amulet of regeneration
HPRegen  0.65/turn              k - ring of positive energy
MPRegen  0.12/turn              n - ring of stealth

@: short of breath
A: breathe fire, unfitting armour, fire resistance 1, cold-blooded, AC +7
a: Breathe Fire, Berserk, Trog's Hand, Brothers in Arms, Burn Spellbooks,
Renounce Religion


You were on level 8 of the Dungeon.
You worshipped Trog.
Trog was extremely pleased with you.
You were not hungry.

You visited 2 branches of the dungeon, and saw 9 of its levels.
You also visited: Sewer.

You collected 346 gold pieces.
You spent 312 gold pieces at shops.

Inventory:

Hand Weapons
 a - a +0 long sword (weapon)
 b - a +0 shortbow
Missiles
 l - 138 arrows
Armour
 d - a +0 cloak (worn)
Jewellery
 k - a ring of positive energy (left hand)
 n - a ring of stealth (right hand)
 p - an amulet of regeneration (around neck)
 z - a +3 amulet of reflection
Wands
 m - a wand of enslavement (29)
 r - a wand of acid (19)
 w - a wand of paralysis (12)
Scrolls
 c - 12 scrolls of teleportation
 t - 3 scrolls of remove curse
 v - a scroll of blinking
 y - a scroll of enchant armour {unknown}
 A - 2 scrolls of identify
 B - a scroll of brand weapon
Potions
 e - 7 potions of curing
 f - 2 potions of haste
 h - 3 potions of flight
 i - 2 potions of berserk rage
 j - 2 potions of might
 o - a potion of mutation
 q - 5 potions of heal wounds
 s - 4 potions of agility
 u - 2 potions of invisibility
Comestibles
 g - 15 rations
 x - 9 chunks of flesh


   Skills:
 * Level 9.1 Fighting
 * Level 9.7 Long Blades
 + Level 4.4 Bows
 * Level 7.5 Dodging


You had 9 spell levels left.
You didn't know any spells.

Dungeon Overview and Level Annotations

Branches:
Dungeon (8/15)             Temple (1/1) D:7
   Lair: D:8-11

Altars:
Ashenzari
Cheibriados
Dithmenos
Elyvilon
Fedhas
Gozag
Hepliaklqana
Kikubaaqudgha
Makhleb
Nemelex Xobeh
Qazlal
Ru
Sif Muna
Trog
Uskayaw
Vehumet
Wu Jian
Xom
Yredelemnul
Zin

Shops:
D:7 ?


Innate Abilities, Weirdness & Mutations

You can breathe blasts of fire.
Your fiery red scales are hard. (AC +7)
You cannot fit into any form of body armour.
Your flesh is heat resistant. (rF+)
You are cold-blooded and may be slowed by cold attacks.


Message History

The two-headed ogre hits you with a giant club!
* * * LOW HITPOINT WARNING * * *
Press: ? - help, Shift-Dir - straight line, f/p - two-headed ogre
Aim: a two-headed ogre, wielding two giant clubs (moderately wounded)
You breathe a blast of fire.
The fiery breath hits the two-headed ogre.
The two-headed ogre is heavily wounded.
You feel somewhat more hungry.
The two-headed ogre is engulfed in blazing flames.
You hit the two-headed ogre but do no damage.
The two-headed ogre is severely wounded.
The two-headed ogre hits you with a giant club.
* * * LOW HITPOINT WARNING * * *
The two-headed ogre barely misses you.
You hit the two-headed ogre.
The two-headed ogre is severely wounded.
The two-headed ogre hits you with a giant club!
* * * LOW HITPOINT WARNING * * *
The two-headed ogre hits you with a giant club!!
You die...

##...### #...........## #.#
####...## #...........## #.###
###.....## #........>...# #....
##.......###.........(#.# ####.
##....................#.## #....
##.......###.....####....####..##
###.....## ####...#####..##....#
###.....## ####................##
##.......###....@..............##
##............###O..####.......##
##.......(.#.####ยง#.##.........#.
###...............#....#......##.
# ##...#....#.......>########....
# #####....#...........####..... #
##...####.....##.......... #
##.......##..#######[#### #
#.#...... ...........)))


You could see a two-headed ogre.

Vanquished Creatures
  A two-headed ogre (D:8)
  A hornet (D:7)
  6 yaks (D:8)
  Edmund (D:5)
  4 ice beasts
  3 orc warriors
  A sky beast (D:8)
  A necrophage (D:7)
  A phantom (D:4)
  3 ogres (D:7)
  2 centaurs
  3 big kobolds
  Blork the orc (D:6)
  2 bullfrogs
  3 scorpions
  2 crimson imps
  A bullfrog zombie (D:7)
  2 bullfrog skeletons
  3 hounds
  A gnoll shaman (D:5)
  An orc priest (D:6)
  6 orc wizards
  An iguana (D:5)
  4 worker ants
  A hound zombie (D:7)
  14 gnolls
  19 adders
  A shadow imp (D:8)
  3 oozes
  An adder zombie (D:8)
  2 worms
  2 dart slugs
  4 leopard geckos
  23 orcs
  6 ball pythons
  11 giant cockroaches
  8 goblins
  2 hobgoblins
  12 jackals
  20 kobolds
  3 quokkas
  9 bats
  8 frilled lizards
  9 rats
212 creatures vanquished.

Notes
Turn   | Place    | Note
-------+----------+-------------------------------------------
     0 | D:1      | Cheet4h the Draconian Berserker began the quest for the Orb.
     0 | D:1      | Reached XP level 1. HP: 19/19 MP: 1/1
     0 | D:1      | Upgraded the game from 0.22-a0-49-g614aadd271 to 0.22-a0-51-g1bb26a1297
   119 | D:1      | Reached XP level 2. HP: 22/26 MP: 2/2
   548 | D:1      | Reached XP level 3. HP: 31/31 MP: 3/3
   756 | D:2      | Reached ** piety under Trog
   889 | D:2      | Reached XP level 4. HP: 14/38 MP: 4/4
   890 | D:2      | Reached skill level 5 in Long Blades
  1779 | D:2      | Reached XP level 5. HP: 42/45 MP: 5/5
  2259 | D:2      | Found a white marble altar of Elyvilon.
  2408 | D:3      | Reached *** piety under Trog
  2835 | D:3      | Found a burning altar of Makhleb.
  3231 | D:3      | Reached XP level 6. HP: 32/52 MP: 6/6
  3615 | D:4      | Your scales start taking on a fiery red colour.
  3615 | D:4      | Reached XP level 7. HP: 47/60 MP: 7/7
  3615 | D:4      | Gained mutation: Your flesh is heat resistant. (rF+) [Red Draconian growth]
  3714 | D:4      | Found a shattered altar of Ashenzari.
  3853 | D:4      | Reached skill level 5 in Fighting
  3853 | D:4      | Reached skill level 1 in Bows
  4367 | D:5      | Entered Level 5 of the Dungeon
  4693 | D:5      | Found a glowing drain.
  4702 | Sewer    | Entered a sewer
  4822 | Sewer    | Reached **** piety under Trog
  5009 | Sewer    | Reached XP level 8. HP: 54/70 MP: 8/8
  5493 | D:5      | Noticed Edmund
  5510 | D:5      | Killed Edmund
  5510 | D:5      | Reached skill level 5 in Dodging
  5720 | D:5      | Found a blossoming altar of Fedhas.
  6191 | D:6      | Found a bloodstained altar of Trog.
  6443 | D:6      | Noticed Blork the orc
  6462 | D:6      | Killed Blork the orc
  6542 | D:6      | Found an opulent altar of Gozag.
  6820 | D:7      | Reached XP level 9. HP: 72/79 MP: 9/9
  7130 | D:7      | Received a gift from Trog
  7271 | D:7      | Found Fualucs's Magic Scroll Emporium.
  7278 | D:7      | Bought a scroll of identify for 24 gold pieces
  7278 | D:7      | Bought a scroll of identify for 24 gold pieces
  7278 | D:7      | Bought a scroll of identify for 24 gold pieces
  7278 | D:7      | Bought a scroll of brand weapon for 240 gold pieces
  7310 | D:7      | Found a staircase to the Ecumenical Temple.
  7343 | Temple   | Entered the Ecumenical Temple
  7716 | D:7      | Found a deep blue altar of Sif Muna.
  7974 | D:8      | Noticed a two-headed ogre
  7997 | D:8      | Killed a two-headed ogre
  8000 | D:8      | Reached ***** piety under Trog
  8148 | D:8      | Received a gift from Trog
  8236 | D:8      | Reached XP level 10. HP: 90/90 MP: 10/10
  8497 | D:8      | Noticed a two-headed ogre
  8515 | D:8      | Mangled by a two-headed ogre

Vault maps used:
D:1:      evilmike_arrival_run_for_it
D:2:      lemuel_coloured_pillars_altar, patterned_corridor
D:3:      old_standard_altar, first_ration, minmay_snake_closets
D:4:      evilmike_ruin_ashenzari, kennysheep_generic_room_14
D:5:      overflow_temple_1_default, portal_sewer_entry_d, st_stairs_14,
          minmay_misc_feat_chi, uniq_edmund
D:6:      grunt_gozag_statues, hangedman_abyss_or_decor_passed, st_stairs_14,
          trog_three_pillars_becter, uniq_blork_the_orc
D:7:      lemuel_blue_sif_altar, minmay_temple_entry_statues_pillars,
          serial_shops, shop
Temple:   eino_temple_water
Sewer:    kennysheep_pipe_town

Skill      XL: |  1  2  3  4  5  6  7  8  9 10 |
---------------+-------------------------------+-----
Long Blades    | 4 5 6 7 8 9 |  9.7
Dodging        | 3 4 5 7 |  7.5
Fighting       | 4 5 7 8 9 |  9.1
Bows           | 1 3 4 |  4.4

Action                   |  1- 3 |  4- 6 |  7- 9 | 10-12 || total
-------------------------+-------+-------+-------+-------++-------
Melee: Falchion          |    92 |   184 |   187 |       ||   463
       Tailslap          |    17 |    32 |    66 |     9 ||   124
       Long sword        |       |       |   158 |    43 ||   201
 Fire: Shortbow          |       |    15 |   136 |    11 ||   162
Invok: Berserk           |     1 |       |     5 |       ||     6
 Abil: Breathe Fire      |       |       |    18 |     3 ||    21
  Use: Scroll            |     3 |     8 |    11 |       ||    22
 Stab: Sleeping          |     1 |     5 |     1 |       ||     7
  Eat: Chunk             |     1 |     8 |    20 |     2 ||    31
       Ration            |       |       |     1 |       ||     1
Armor: Skin              |    31 |    42 |    91 |     5 ||   169
Dodge: Dodged            |    45 |   114 |   261 |    20 ||   440
       Rpst.: Falchion   |    13 |    35 |    38 |       ||    86
       Long sword        |       |       |    28 |     6 ||    34

Table legend:
 A = Spawn XP
 B = Non-spawn XP
 C = Spawn XP percentage of total XP
 D = Spawn monster count
 E = Non-spawn monster count
 F = Spawn count percentage of total count
 G = Total turns spent on level
                    A         B        C        D         E        F      G
               +---------+---------+-------+---------+---------+-------+---------
         Total |       0 |    6819 |   0.0 |       0 |     212 |   0.0 |  8515
               +---------+---------+-------+---------+---------+-------+---------
           D:1 |       0 |      42 |   0.0 |       0 |      21 |   0.0 |   680
           D:2 |       0 |     169 |   0.0 |       0 |      34 |   0.0 |  1738
           D:3 |       0 |     205 |   0.0 |       0 |      27 |   0.0 |  1039
           D:4 |       0 |     569 |   0.0 |       0 |      18 |   0.0 |   977
           D:5 |       0 |     649 |   0.0 |       0 |      21 |   0.0 |  1189
           D:6 |       0 |     918 |   0.0 |       0 |      15 |   0.0 |   810
           D:7 |       0 |    1296 |   0.0 |       0 |      27 |   0.0 |   858
           D:8 |       0 |    2732 |   0.0 |       0 |      25 |   0.0 |   664
         Sewer |       0 |     239 |   0.0 |       0 |      24 |   0.0 |   370
               +---------+---------+-------+---------+---------+-------+---------
